 Dungeon Crawl Stone Soup version 0.18.1-50-g88ac8fd (webtiles) character file.

37 Chiseanne the Chopper (level 3, -8/46 HPs)
             Began as a Minotaur Gladiator on Apr 26, 2017.
             Killed by divine providence
             ... invoked by an orc priest
              (12 damage)
             ... on level 3 of the Dungeon.
             The game lasted 00:02:24 (917 turns).

Chiseanne the Chopper (Minotaur Gladiator)           Turns: 917, Time: 00:02:25

Health: -8/46      AC: 21    Str: 19    XL:     3   Next: 23%
Magic:  2/2        EV:  2    Int: 11    God:
Gold:   48         SH:  0    Dex: 11    Spells: 0 memorised, 2 levels left

rFire  . . .     SeeInvis .     a - +1 war axe
rCold  . . .     Gourm    .     (armour currently unavailable)
rNeg   + + +     Faith    .     (no shield)
rPois  +         Spirit   .     (helmet currently unavailable)
rElec  .         Dismiss  .     (cloak currently unavailable)
rCorr  +         Reflect  .     (gloves currently unavailable)
SustAt .         Harm     .     (boots currently unavailable)
MR     .....     NoTele   +     (no amulet)
Stlth  +.........               h - +6 ring of intelligence
                                e - ring of resist corrosion

@: tree-form, not resistant to hostile enchantments, very unstealthy
A: (retaliatory headbutt), (horns 0)
a: no special abilities


You were on level 3 of the Dungeon.
You were not hungry.
You were a tree.
You visited 1 branch of the dungeon, and saw 3 of its levels.

You collected 48 gold pieces.

Inventory:

Hand Weapons
 a - a +1 war axe (weapon)
 s - a +0 dagger of venom
Missiles
 d - 3 throwing nets (quivered)
 j - 36 stones
Armour
 c - a +0 hat (melded)
 k - a +0 ring mail (melded)
Jewellery
 e - a ring of resist corrosion (left branch)
 h - a +6 ring of intelligence (right branch)
Scrolls
 b - a scroll of enchant weapon
 i - a scroll of identify
Potions
 g - a potion of lignification
 m - a potion of berserk rage {unknown}
Comestibles
 f - 3 bread rations


   Skills:
 * Level 3.1 Fighting
 * Level 3.9 Axes
 - Level 2.0 Throwing
 * Level 1.4 Armour
 * Level 3.8 Dodging


You had 2 spell levels left.
You didn't know any spells.

Dungeon Overview and Level Annotations

Branches:
Dungeon (3/15)

Altars:

Annotations:
D:3 Robin


Innate Abilities, Weirdness & Mutations

((You reflexively headbutt those who attack you in melee.))
((You have a pair of horns on your head.))


Message History

You barely miss the orc priest.
You headbutt the orc priest, but do no damage.
The orc priest hits you but does no damage.
You hit the orc priest but do no damage.
The orc priest hits you with a falchion!
You barely miss the orc priest.
You headbutt the orc priest, but do no damage.
The orc priest looks braver for a moment.
You closely miss the orc priest.
The orc priest hits you with a falchion!
* * * LOW HITPOINT WARNING * * *
Robin of the Strong Arm comes into view.
She is wielding a club.
Drink which item? (? for menu, Esc to quit)
It was a potion of lignification.
You turn into a tree.
Your +0 hat melds into your body.
Your +0 ring mail melds into your body.
Your roots penetrate the ground.
Robin shouts!
The orc priest mumbles some strange prayers to Beogh against you.
Beogh smites you!
You die...

#########
#.......# ######
#.......# #....#
#.......# #..<.#
#.......#####....#
#....g..go{o♣....#
#.......#####....#
#.......# #....#
#.......# ##.###
#.......# ..#
##oo##### ###
......o....#
.(.........#
.......o...#


You could see Robin, an orc priest, an orc and a goblin.

Vanquished Creatures
  A dart slug (D:1)
  2 giant geckos (D:1)
  2 orcs (D:3)
  3 bats
  A giant cockroach (D:1)
  2 goblins (D:1)
  2 hobgoblins
  4 jackals (D:3)
  A ball python (D:1)
  A giant newt (D:1)
  4 kobolds (D:1)
  6 rats
29 creatures vanquished.

Notes
Turn   | Place    | Note
--------------------------------------------------------------
     0 | D:1      | Chiseanne the Minotaur Gladiator began the quest for the Orb.
     0 | D:1      | Reached XP level 1. HP: 18/18 MP: 0/0
   208 | D:1      | Reached XP level 2. HP: 24/25 MP: 1/1
   752 | D:1      | Reached skill level 1 in Armour
   880 | D:3      | Reached XP level 3. HP: 28/31 MP: 2/2
   917 | D:3      | Noticed Robin
   917 | D:3      | Killed from afar by an orc priest

Skill      XL: |  1  2 |
---------------+-------+-----
Armour         | 1 |  1.4
Fighting       | 3 |  3.1
Axes           | |  3.9
Throwing       | |  2.0
Dodging        | |  3.8

Action                   || total
-------------------------++-------
Melee: War axe           ||    63
       Headbutt          ||     9
  Use: Scroll            ||     5
       Potion            ||     1
Armor: Leather armour    ||     6
       Ring mail         ||    16
Dodge: Dodged            ||    44
